 Dungeon Crawl Stone Soup version 0.31.0-32-g396128a36d (webtiles) character file.

Game seed: 7304290648594131427

1534 Dogenati the Firebug (level 8, -8/57 HPs)
             Began as a Hill Orc Fire Elementalist on Apr 10, 2024.
             Hit by a large rock thrown by a cyclops (46 damage)
             ... on level 7 of the Dungeon.
             The game lasted 00:40:34 (8399 turns).

Dogenati the Firebug (Hill Orc Fire Elementalist)   Turns: 8399, Time: 00:40:34

Health: -8/57      AC: 13    Str: 11    XL:     8   Next: 86%
Magic:  10/14      EV: 13    Int: 17    God:
Gold:   390        SH:  0    Dex: 11    Spells: 8/15 levels left

rFire   . . .        q - +0 trident
rCold   . . .        (no shield)
rNeg    . . .        l - +2 robe {Will+}
rPois   .            (no helmet)
rElec   .            (no cloak)
rCorr   .            f - +0 pair of gloves
SInv    .            (no boots)
Will    +....        (no amulet)
Stlth   ++           d - +4 ring of protection
HPRegen 0.29/turn    h - +4 ring of protection
MPRegen 0.14/turn

%: no passive effects
@: no status effects
A: inability to drink after injury 1, inability to read after injury 1,
persistent drain
a: no special abilities


You were on level 7 of the Dungeon.
You visited 2 branches of the dungeon, and saw 8 of its levels.

You collected 390 gold pieces.

Inventory:

Hand Weapons
 p - a +0 orcbow
 q - a +0 trident (weapon)
Missiles
 e - 47 stones
 i - 25 poisoned darts
 k - 2 atropa-tipped darts
 m - 6 curare-tipped darts
 s - 3 boomerangs
 t - 4 javelins
Armour
 a - a +1 robe
 f - a +0 pair of gloves (worn)
 l - a +2 robe of willpower (worn)
Jewellery
 d - a +4 ring of protection (left hand)
 h - a +4 ring of protection (right hand)
 u - an amulet of faith
 x - an amulet of magic regeneration
 A - a +4 ring of protection
Talismans
 n - a beast talisman
Wands
 B - a wand of flame (14)
Scrolls
 j - 5 scrolls of identify
 r - 2 scrolls of poison
 y - a scroll of enchant weapon
Potions
 b - a potion of magic
 c - 3 potions of degeneration
 w - a potion of might


   Skills:
 + Level 4.1 Polearms
 + Level 4.3 Dodging
 - Level 1.5 Stealth
 + Level 4.0 Spellcasting
 + Level 4.8 Conjurations
 + Level 6.4 Fire Magic


You had 8 spell levels left.
You knew the following spells:

 Your Spells              Type           Power      Damage    Failure   Level
a - Foxfire               Conj/Fire      88%        2x1d8     1%          1
b - Scorch                Fire           50%        2d7       1%          2
c - Flame Wave            Conj/Fire      22%        2d8       16%         4

Your spell library contained the following spells:

 Spells                   Type           Power      Damage    Failure   Level
 Magic Dart               Conj           80%        1d7       2%          1
 Searing Ray              Conj           40%        2d5       3%          2
 Sting                    Conj/Alch      44%        1d5       6%          1
 Inner Flame              Hex/Fire       14%        N/A       13%         3
 Volatile Blastmotes      Fire/Tloc      28%        2d12      13%         3
 Dazzling Flash           Conj/Hex       22%        N/A       17%         3
 Ensorcelled Hibernation  Hex/Ice        6%         N/A       24%         2
 Mercury Vapours          Alch/Air       6%         N/A       24%         2
 Mephitic Cloud           Conj/Alch/Air  8%         N/A       24%         3
 Frozen Ramparts          Ice            6%         1d1       43%         3
 Passwall                 Erth           3%         N/A       43%         3
 Swiftness                Air            3%         N/A       43%         3
 Tukima's Dance           Hex            3%         N/A       43%         3
 Fulminant Prism          Conj/Alch      5%         3d7       50%         4
 Leda's Liquefaction      Alch/Erth      1%         N/A       83%         4
 Olgreb's Toxic Radiance  Alch           3%         N/A       83%         4
 Passage of Golubria      Tloc           3%         N/A       83%         4
 Petrify                  Alch/Erth      3%         N/A       83%         4
 Curse of Agony           Necr           3%         N/A       99%         5
 Metabolic Englaciation   Hex/Ice        1%         N/A       99%         5
 Silence                  Hex/Air        1%         N/A       99%         5
 Yara's Violent Unravell  Hex/Alch       1%         3d3       99%         5


Dungeon Overview and Level Annotations

Branches:
Dungeon (7/15)             Temple (1/1) D:4

Altars:
Ashenzari
Dithmenos
Elyvilon
Fedhas
Gozag
Hepliaklqana
Kikubaaqudgha
Makhleb
Nemelex Xobeh
Okawaru
Qazlal
Ru
Sif Muna
Trog
Uskayaw
Vehumet
Wu Jian
Xom
Yredelemnul
Zin
The Shining One

Shops:
D:6 ?


Innate Abilities, Weirdness & Mutations

You occasionally lose the ability to drink potions when taking damage.
You occasionally lose the ability to read scrolls when taking damage.
Your health recovers twice as slowly from being drained.


Message History

You kill the black bear!
* * * LOW MAGIC WARNING * * *
There is an open door here.
You start resting.
Magic restored.
You start resting.
HP restored.
You see here a black bear corpse.
There is a stone staircase leading down here.
You climb downwards.
There is a stone staircase leading up, spattered with blood here.
Casting: Scorch (safe; 1% risk of failure)
Confirm with . or Enter, or press ? or * to list all spells.
You conjure some foxfire!
The foxfire hits the cyclops.
The cyclops is lightly wounded.
The foxfire hits the cyclops!
The cyclops is moderately wounded.
Casting: Foxfire (safe; 1% risk of failure)
Confirm with . or Enter, or press ? or * to list all spells.
You conjure some foxfire!
The foxfire hits the cyclops.
The cyclops is moderately wounded.
The foxfire hits the cyclops but does no damage.
The cyclops is moderately wounded.
Casting: Foxfire (safe; 1% risk of failure)
Confirm with . or Enter, or press ? or * to list all spells.
You conjure some foxfire!
The foxfire hits the cyclops but does no damage.
The cyclops is moderately wounded.
The foxfire hits the cyclops.
The cyclops is moderately wounded.
Casting: Foxfire (safe; 1% risk of failure)
Confirm with . or Enter, or press ? or * to list all spells.
Flames lash the cyclops.
The cyclops is heavily wounded.
The cyclops's fire resistance burns away.
The cyclops throws a large rock.
The large rock hits you!!
The cyclops throws a large rock.
The large rock hits you!!!
Ouch! That really hurt!
You die...

.. ##..#...##.# ..
.........#.###### ..
###.##......#...## .###
#.###.....<....## ...####
#.##............#
......###.........C.....#
..#.....................#
.^##...................##
..........<.....@##..>##
####..........#### #### #
#............#
#............#
#..........###
#..........# #..........#
#..........# ############


You could see a cyclops (combustible).

Vanquished Creatures
  A vampire (D:5)
  A black bear (D:6)
  An ice beast (D:5)
  A centaur (D:7)
  2 ogres
  3 bullfrogs (D:7)
  A scorpion (D:4)
  2 bombardier beetles
  A howler monkey (D:5)
  2 electric eels (D:6)
  A hound (D:7)
  An orc priest (D:3)
  2 sleepcaps
  An orc wizard (D:5)
  A mummy (D:6)
  9 adders
  8 gnolls (D:5)
  4 river rats (D:3)
  A shadow imp (D:7)
  2 ribbon worms
  9 dart slugs
  25 orcs
  5 ball pythons
  7 endoplasms
  2 giant cockroaches
  6 goblins
  14 hobgoblins
  7 jackals
  8 kobolds
  8 quokkas
  7 bats
  A frilled lizard (D:3)
  9 rats
153 creatures vanquished.

Vanquished Creatures (collateral kills)
  6 foxfires (D:6)
6 creatures vanquished.

Vanquished Creatures (others)
  267 foxfires
267 creatures vanquished.

Grand Total: 426 creatures vanquished

Notes
Turn   | Place    | Note
-------+----------+-------------------------------------------
     0 | D:1      | Dogenati the Hill Orc Fire Elementalist began the quest for
                  | the Orb.
     0 | D:1      | Reached XP level 1. HP: 14/14 MP: 3/3
   144 | D:1      | Reached XP level 2. HP: 20/20 MP: 0/4
   337 | D:1      | Learned a level 2 spell: Scorch
   562 | D:1      | Reached XP level 3. HP: 26/26 MP: 0/5
  1463 | D:2      | Reached XP level 4. HP: 33/33 MP: 4/7
  1502 | D:2      | Found a faded altar of an unknown god.
  1686 | D:2      | Reached skill level 4 in Fire Magic
  2128 | D:3      | Reached XP level 5. HP: 35/38 MP: 3/8
  2156 | D:3      | Found an iron altar of Okawaru.
  2162 | D:3      | Found a hazy altar of Hepliaklqana.
  2166 | D:3      | Found a hide-covered altar of Uskayaw.
  2170 | D:3      | Found a glowing silver altar of Zin.
  2575 | D:3      | Reached XP level 6. HP: 45/45 MP: 3/9
  2965 | D:4      | Reached skill level 1 in Polearms
  3201 | D:4      | Found a staircase to the Ecumenical Temple.
  3229 | Temple   | Entered the Ecumenical Temple
  3427 | D:4      | Learned a level 4 spell: Flame Wave
  3547 | D:4      | Reached skill level 5 in Fire Magic
  3697 | D:5      | Entered Level 5 of the Dungeon
  3705 | D:5      | Reached XP level 7. HP: 42/50 MP: 6/11
  3996 | D:4      | Gained mutation: You occasionally lose the ability to drink
                  | potions when taking damage. [potion of mutation]
  3996 | D:4      | Gained mutation: Your health recovers twice as slowly from
                  | being drained. [potion of mutation]
  3996 | D:4      | Gained mutation: You occasionally lose the ability to read
                  | scrolls when taking damage. [potion of mutation]
  6155 | D:6      | Reached XP level 8. HP: 38/57 MP: 10/13
  6268 | D:6      | Found a basalt altar of Yredelemnul.
  6415 | D:6      | Found Ybocw's Magic Scroll Emporium.
  7408 | D:7      | Reached skill level 6 in Fire Magic
  7448 | D:7      | Noticed a troll
  7615 | D:7      | Noticed a vampire
  8096 | D:5      | Killed a vampire
  8252 | D:7      | Noticed a cyclops
  8399 | D:7      | Hit by a large rock thrown by a cyclops

Illustrated notes

Levels and vault maps discovered:
D:1:      minmay_arrival_doors, layout_basic, minmay_fountain_box
D:2:      layout_basic, dreamdust_ecumenical_altar_statues
D:3:      layout_rooms, nicolae_overflow_macrodata_refinement,
          portal_sewer_entry_b, nicolae_figureground_pulse
D:4:      layout_loops_ring, minmay_temple_entry_slanted, nrook_loot_triangle
D:5:      corexii_shack_village, layout_basic, minivault_14
D:6:      layout_basic, mainiacjoe_overflow_chevrons, serial_shops,
          shop_fountains, gup_ossuary_entry_pyramid, serial_bayou_lagoon_a,
          minivault_22
D:7:      minmay_the_grid_octo_2x2 [minmay_the_grid_octo_teeth,
          minmay_the_grid_octo_pinwheel, minmay_the_grid_octo_checkerflower,
          minmay_the_grid_octo_prize_ultimate_mussel_roller], layout_rooms
Temple:   kb_temple_of_zot

Skill      XL: |  1  2  3  4  5  6  7  8 |
---------------+-------------------------+-----
Dodging        | 2 3 4 |  4.3
Spellcasting   | 2 3 4 |  4.0
Conjurations   | 2 3 4 |  4.8
Fire Magic     | 4 5 6 |  6.4
Polearms       | 1 2 4 |  4.1
Stealth        | |  1.5

Action                     |  1- 3 |  4- 6 |  7- 9 || total
---------------------------+-------+-------+-------++-------
  Melee: Unarmed           |    84 |       |       ||    84
         Falchion          |     1 |    58 |       ||    59
         Trident           |       |    64 |   104 ||   168
         Punch             |       |       |     3 ||     3
   Cast: Foxfire           |    39 |    64 |    74 ||   177
         Scorch            |    15 |    22 |    65 ||   102
         Flame Wave        |       |       |     1 ||     1
  Evoke: Wand              |       |       |     2 ||     2
    Use: Scroll            |     3 |     7 |     3 ||    13
         Potion            |       |     1 |    11 ||    12
 Armour: Robe              |    66 |   142 |   174 ||   382
  Dodge: Dodged            |    64 |   182 |   166 ||   412
